[Event "*** Titled Tuesday Blitz"]
[Site "Chess.com"]
[Date "2020.12.29"]
[Round "5"]
[White "atalz0"]
[Black "Alexandr_Kholin"]
[Result "0-1"]
[WhiteElo "2372"]
[BlackElo "2547"]
[TimeControl "180+1"]
[EndTime "10:54:57 PST"]
[Termination "Alexandr_Kholin won on time"]

1. d4 d5 2. c4 c6 3. e3 Nf6 4.
Nc3 e6 5. b3 Bb4 6. Bb2 Qa5 7.
Ne2 Ne4 8. Qc2 Nd7 9. a3 Bxc3+ 10. Nxc3 f5 11. Bd3 O-O 12. O-O Ndf6 13. f3 Nxc3 14.
Bxc3 Qd8 15. e4 g6 16. Rae1 Bd7 17. Bb4 Rf7 18. Bd6 fxe4 19. fxe4 Nxe4 20. Rxf7 Kxf7 21. Bxe4 dxe4 22. Qxe4 Qg5 23. Rf1+ Kg8 24. h4 Qh5 25. Rf6 e5 26. Bxe5 Re8 27. Qf4 Qg4 28. Qf2 Bf5 29. Rd6 Qd1+ 30. Kh2 Qxb3 31. Rf6 Qxc4 32. Rxf5 gxf5 33. Qg3+ Kf7 34. Qg7+ Ke6 35.
Qxh7 Re7 36. Qg6+ Kd5 37. Qxf5 Qe2 38. Bg3+ Kc4 39. Qc5+ Kb3 40. Qb4+ Ka2 0-1

[Event "*** Titled Tuesday Blitz"]
[Site "Chess.com"]
[Date "2020.12.29"]
[Round "5"]
[White "Sviridov_Valery"]
[Black "vladimirdamjanovic"]
[Result "0-1"]
[WhiteElo "2847"]
[BlackElo "2408"]
[TimeControl "180+1"]
[EndTime "10:55:01 PST"]
[Termination "vladimirdamjanovic won by resignation"]

1. Nf3 Nc6 2. g3 g6 3. Bg2 Bg7 4. O-O Nf6 5. c4 O-O 6. Nc3 d6 7. d4 e5 8. dxe5 dxe5 9. Bg5 h6 10. Qxd8 Rxd8 11. Bxf6 Bxf6 12. Nd5 Kg7 13. Nxc7 Rb8 14. Rad1 e4 15. Rxd8 Bxd8 16. Ne8+ Kf8 17. Nd6 exf3 18. exf3 Be6 19. b3 Be7 20. Nb5 Rd8 21. Nc7 Rd2 22.
Nxe6+ fxe6 23. a4 Bc5 24. f4 Na5 25. Bh3 Kf7 26. b4 Bxb4 27. Re1 Rd6 28. Re2 Bc5 29. Re4 Nb3 30. Kg2 b6 31. Re2 Nd2 32. Bxe6+ Rxe6 33. Rxd2 Rd6 34. Rc2 Rd3 35. Ra2 Ra3 36. Rxa3 Bxa3 37.
Kf3 Ke6 38. Ke4 Bc5 39. f3 a5 40. g4 Bg1 41. h3 Kd6 42. f5 g5 43. f4 Bh2 44. fxg5 hxg5 45. Kd4 Be5+ 46. Ke4 Bf6 47. Kf3 Kc5 0-1

[Event "*** Titled Tuesday Blitz"]
[Site "Chess.com"]
[Date "2020.12.29"]
[Round "5"]
[White "Kislov_Oleg"]
[Black "Vesper2018"]
[Result "1-0"]
[WhiteElo "2442"]
[BlackElo "2620"]
[TimeControl "180+1"]
[EndTime "10:55:01 PST"]
[Termination "Kislov_Oleg won on time"]

1. e4 c5 2. Nf3 d6 3. c3 Nf6 4. Be2 Nbd7 5. Qc2 b6 6. d4 cxd4 7. cxd4 Bb7 8. Nc3 e6 9. Bg5 Be7 10. Bd3 e5 11. d5 O-O 12. Be3 Rc8 13. O-O Nc5 14. h3 a5 15. a4 Nh5 16. Nd2 Nf4 17.
Bxf4 exf4 18. Nf3 Bf6 19. Rfe1 Re8 20. Bb5 Re7 21. Rad1 Be5 22. Nd4 Bxd4 23. Rxd4 Re5 24. f3 Ba6 25. Red1 Bxb5 26. axb5 Qf6 27. Qe2 Rg5 28.
Rc4 Re8 29. Na4 Nd7 30. Rc6 Qg6 31. Nxb6 Ne5 32. Rc3 Rg3 33. Kf1 Qh5 34. Nc4 Ng6 35. b6 Nh4 36. Nxd6 Qg6 37. Rc2 Qxd6 38. b7 1-0

[Event "*** Titled Tuesday Blitz"]
[Site "Chess.com"]
[Date "2020.12.29"]
[Round "5"]
[White "profofchess"]
[Black "stephan97"]
[Result "1-0"]
[WhiteElo "2405"]
[BlackElo "2237"]
[TimeControl "180+1"]
[EndTime "10:55:01 PST"]
[Termination "profofchess won by checkmate"]

1. e4 c5 2. Nf3 d6 3. d4 cxd4 4. Nxd4 Nf6 5. Nc3 a6 6. Nb3 e5 7. Bg5 Be6 8. Bxf6 Qxf6 9. Na5 Qd8 10. Nc4 b5 11. Ne3 Nc6 12. Ncd5 g6 13. c3 Bg7 14. a4 b4 15. cxb4 O-O 16. a5 f5 17. exf5 gxf5 18. Nb6 Ra7 19. Bc4 Bxc4 20. Nexc4 Nxb4 21. Qb3 Nc6 22. Nxe5+ Kh8 23. Nxc6 Qe8+ 24. Qe3 Qxc6 25. O-O Bxb2 26.
Rab1 Bg7 27. f4 Rc7 28. Rfc1 Qd7 29. Nxd7 Rxd7 30. Kh1 d5 31. Qd3 d4 32. Rb6 Re8 33.
Rxa6 Rde7 34. h3 Re3 35. Qxf5 d3 36. Rd6 Rf8 37. Qd7 Re2 38. Rxd3 Bh6 39. Rc8 Rxc8 40. Qxc8+ Kg7 41. Rd7+ Kf6 42. Qc6+ Kf5 43. Rd5+ Kxf4 44. Qc4+ Re4 45. Rd4 Kg3 46. Rxe4 Bf4 47. Qd3+ Kf2 48. Rxf4+ Ke1 49. Rf1# 1-0

[Event "*** Titled Tuesday Blitz"]
[Site "Chess.com"]
[Date "2020.12.29"]
[Round "5"]
[White "lacafi"]
[Black "ChronicUnhappiness"]
[Result "0-1"]
[WhiteElo "2116"]
[BlackElo "2334"]
[TimeControl "180+1"]
[EndTime "10:55:02 PST"]
[Termination "ChronicUnhappiness won by resignation"]

1. d4 Nf6 2. Nf3 d5 3. e3 e6 4. Bd3 c5 5. c3 Nc6 6. Nbd2 Bd6 7. Qe2 O-O 8. dxc5 Bxc5 9. e4 b6 10. O-O Bb7 11. e5 Nd7 12. Re1 f6 13. exf6 Nxf6 14. Qxe6+ Kh8 15. Ng5 Bxf2+ 16. Kh1 Bxe1 17. Nf7+ Rxf7 18.
Qxf7 Qd7 19. Qxd7 Nxd7 20. Nf3 Bf2 21. Bf4 Re8 22. Rf1 Bc5 23. Ng5 Nf6 24. Nf7+ Kg8 25. Nd6 Re7 26. Nf5 Re8 27. Bd6 Bxd6 28. Nxd6 Re7 29. Nxb7 Rxb7 30. Bb5 Ne5 31. Rf5 Re7 32. h3 h5 33. Kh2 Kf7 34. Ba4 g6 35. Rf1 Ke6 36.
Bb3 Nc4 37. Re1+ Kd6 38. Rf1 Ne4 39. Rd1 b5 40. a4 a6 41. axb5 axb5 42. Ra1 Ned2 43.
Ra6+ Kc5 44. Bxc4 Nxc4 45. Rxg6 Nxb2 46. Rg5 Na4 47. Rxh5 Nxc3 48. g4 b4 49. g5 b3 50.
g6 b2 51. Rh7 Re8 0-1

[Event "*** Titled Tuesday Blitz"]
[Site "Chess.com"]
[Date "2020.12.29"]
[Round "5"]
[White "ShapkinAnatoliy"]
[Black "Jospem"]
[Result "0-1"]
[WhiteElo "2706"]
[BlackElo "2989"]
[TimeControl "180+1"]
[EndTime "10:55:03 PST"]
[Termination "Jospem won by resignation"]

1. d4 Nf6 2. c4 e6 3. g3 Bb4+ 4. Bd2 c5 5. Bxb4 cxb4 6. Bg2 a5 7. e3 O-O 8. Ne2 d6 9. a3 Na6 10. O-O Rb8 11. axb4 Nxb4 12. Nbc3 b6 13. b3 Bb7 14. e4 e5 15. Qd2 Re8 16. Rfe1 Qc7 17. h3 Rbd8 18. Kh2 h5 19. f4 Bc6 20. Rac1 Qb8 21. Nd5 Bxd5 22. cxd5 Rc8 23. Rxc8 Rxc8 24. Rc1 Re8 25.
dxe5 dxe5 26. f5 Qd6 27. Nc3 Qd7 28. Bf3 Rc8 29. Kg2 Rc5 30. Na4 Rxc1 31. Qxc1 Qd8 32. Qc3 b5 33. Nb2 Qb6 34. g4 hxg4 35. hxg4 Qd8 36. Qc5 Nh7 37. Qxb5 Qg5 38. Nc4 Nf6 39.
Qxa5 Nd3 40. Qd2 Nf4+ 41. Kf2 Qh4+ 42. Ke3 Qg3 43. Qf2 Nxg4+ 0-1

[Event "*** Titled Tuesday Blitz"]
[Site "Chess.com"]
[Date "2020.12.29"]
[Round "5"]
[White "ZiggyStardust64"]
[Black "Slovak_fighter2000"]
[Result "1-0"]
[WhiteElo "2688"]
[BlackElo "2480"]
[TimeControl "180+1"]
[EndTime "10:55:03 PST"]
[Termination "ZiggyStardust64 won on time"]

1. e4 e6 2. d4 d5 3. Nc3 dxe4 4. Nxe4 Bd7 5. Nf3 Bc6 6. Neg5 Nd7 7. Bd3 Ngf6 8. Qe2 Bd6 9. Nxf7 Kxf7 10. Ng5+ Ke8 11.
Nxe6 Qe7 12. O-O Bd5 13. Nxg7+ Kf7 14. Qxe7+ Bxe7 15. Nf5 Rae8 16. Bf4 c6 17. Nh6+ Kg7 18. Nf5+ Kf7 19. Rfe1 Bf8 20. Rxe8 Nxe8 21. Re1 Rg8 22. g3 Be6 23. Nh4 Nef6 24. Nf3 h6 25. c4 Bg4 26. Nd2 Bh3 27. b4 Bxb4 28. Rb1 a5 29. Nb3 b6 30.
Na1 Be7 31. Nc2 h5 32. Ne3 Ng4 33. Nf5 Bf6 34. c5 b5 35. a4 b4 36. Bc4+ Kg6 37. Bxg8 Kxf5 38. d5 Bd4 39. Be6+ Ke4 40. Rf1 Kf3 41.
Bxg4+ Bxg4 42. dxc6 1-0

[Event "*** Titled Tuesday Blitz"]
[Site "Chess.com"]
[Date "2020.12.29"]
[Round "5"]
[White "GM_dmitrij"]
[Black "Borsuk_Konstantin"]
[Result "0-1"]
[WhiteElo "2932"]
[BlackElo "2651"]
[TimeControl "180+1"]
[EndTime "10:55:04 PST"]
[Termination "Borsuk_Konstantin won by resignation"]

1. c4 e6 2. Nf3 Nf6 3. g3 b6 4. Bg2 Bb7 5. O-O g6 6. d4 Bg7 7. Nc3 Ne4 8. Qc2 Nxc3 9. Qxc3 O-O 10. Bg5 Qe8 11. Qd2 d6 12. Rad1 Nd7 13. Rfe1 Nf6 14.
Bh6 Rd8 15. Qg5 Qa4 16. b3 Qxa2 17. Rd3 Be4 18. Rc3 Qb2 19. Rec1 Qxe2 20. Qh4 Bxh6 21. Qxh6 Qxf2+ 22. Kh1 Bxf3 23. Rxf3 Qxd4 24. Rcf1 Nd7 25. Qg5 Ne5 26. Rf4 Qc3 27. h4 f5 28. Qe7 Qxg3 29.
Qxe6+ Kh8 30. h5 Ng4 31. Rxg4 Qxg4 32. hxg6 hxg6 33. Rf3 Rde8 34. Qd7 Re1+ 35. Kh2 Kg8 36. Rg3 Qh4+ 37. Rh3 Qf4+ 38. Rg3 Re3 39. Bd5+ Kh8 40. Kh1 Qxg3 41. Qe7 Rxe7 0-1

[Event "*** Titled Tuesday Blitz"]
[Site "Chess.com"]
[Date "2020.12.29"]
[Round "5"]
[White "Dinamo81"]
[Black "Kolle05"]
[Result "1/2-1/2"]
[WhiteElo "2653"]
[BlackElo "2400"]
[TimeControl "180+1"]
[EndTime "10:55:04 PST"]
[Termination "Game drawn by agreement"]

1. e4 c5 2. Nc3 Nc6 3. Bb5 e6 4. Bxc6 dxc6 5. d3 Qc7 6. f4 Bd6 7. e5 Be7 8. Nf3 Nh6 9. Be3 Nf5 10. Bf2 h5 11. Ne4 b6 12. Qe2 a5 13. a4 Ba6 14. b3 O-O-O 15. c4 Nd4 16. Nxd4 cxd4 17. c5 Bxc5 18. Nxc5 bxc5 19. O-O Rd5 20. Rfc1 Kd7 21. Be1 g6 22. Bd2 Rb8 23. Rab1 Rb7 24. Rb2 Qb8 25.
Rcb1 Ke7 26. h3 Kd7 27. g4 hxg4 28. hxg4 g5 29. Qf3 gxf4 30. Bxf4 Qg8 31. Rh2 Qg6 32.
Rd2 c4 33. dxc4 Qxb1+ 34. Rd1 Qxb3 35. Qxb3 Rxb3 36. cxd5 exd5 37. Rxd4 Rb4 38. Be3 Rxd4 39. Bxd4 Bc4 40. Bc3 Bb3 41. Bxa5 Bxa4 42. Bb6 Kc8 43. g5 Bc2 44. Kf2 Kb7 45. Bc5 Ka6 46. Ke3 Kb5 47. Kd4 Bg6 48. Be7 Bf5 49. Bc5 1/2-1/2

[Event "*** Titled Tuesday Blitz"]
[Site "Chess.com"]
[Date "2020.12.29"]
[Round "5"]
[White "ViktoriyaTarasova"]
[Black "Das_Virus_2020"]
[Result "1-0"]
[WhiteElo "2358"]
[BlackElo "2480"]
[TimeControl "180+1"]
[EndTime "10:55:05 PST"]
[Termination "ViktoriyaTarasova won on time"]

1. d4 Nf6 2. c4 c5 3. d5 b5 4. cxb5 a6 5. bxa6 g6 6. Nc3 Bxa6 7.
Nf3 d6 8. e4 Bxf1 9. Kxf1 Nbd7 10. g3 Bg7 11. Kg2 O-O 12. a4 Qb6 13. Re1 Ng4 14. Qe2 Qa6 15. Nb5 Rfb8 16. Bg5 Kf8 17. Ra3 h6 18. Bc1 Nge5 19. Nxe5 Nxe5 20. f4 Nd7 21. b3 Qb7 22. Bb2 Nb6 23. Bxg7+ Kxg7 24. Raa1 c4 25. a5 Nd7 26. bxc4 Nc5 27. e5 Qd7 28. exd6 exd6 29. Qb2+ f6 30. Re3 Re8 31. Rxe8 Rxe8 32. a6 Qg4 33. Nd4 Nd3 34. Qd2 Nc5 35. a7 Ra8 36.
Qe3 h5 37. Qe7+ Kh6 38. Qe3 h4 39. f5+ g5 40. Kg1 hxg3 41. hxg3 Ne4 42. Kg2 1-0

[Event "*** Titled Tuesday Blitz"]
[Site "Chess.com"]
[Date "2020.12.29"]
[Round "5"]
[White "Grandelicious"]
[Black "DanielNaroditsky"]
[Result "1/2-1/2"]
[WhiteElo "2863"]
[BlackElo "3120"]
[TimeControl "180+1"]
[EndTime "10:55:06 PST"]
[Termination "Game drawn by repetition"]

1. Nf3 Nf6 2. g3 g6 3. b3 Bg7 4. Bb2 O-O 5. Bg2 b6 6. O-O Bb7 7. c4 c5 8. Nc3 Ne4 9. Qc2 Nd6 10.
Rad1 Nc6 11. e3 Nf5 12. Ne2 Nb4 13. Qb1 Bxb2 14. Qxb2 Be4 15. Nf4 Nd3 16. Nxd3 Bxd3 17. Rfe1 Be4 18. d3 Bb7 19. e4 Ng7 20. d4 cxd4 21.
Nxd4 d6 22. e5 Bxg2 23. Kxg2 dxe5 24. Ne6 Nxe6 25. Rxd8 Raxd8 26. Rxe5 Rd7 27. Rd5 Rfd8 28. Qe5 Rd6 29. h4 h5 30. b4 R8d7 31. Rxd6 exd6 32.
Qd5 Kf8 33. a4 Ke7 34. a5 bxa5 35. Qxa5 Rc7 36. Qa6 Nd8 37. c5 dxc5 38. bxc5 Ne6 39. Qd6+ Ke8 40. c6 a5 41. Qa3 Rxc6 42. Qxa5 Rc7 43.
Qe5 Ke7 44. Qh8 Rc5 45. Qa1 Rc7 46. Qh8 Rc5 47. Qa1 Rc7 48. Qa3+ Kf6 49. Qb2+ Ke7 50.
Qe5 Rc5 51. Qe3 Rc7 52. Qb6 Rc5 53. Qb4 Kf6 54. Qb2+ Ke7 55. Qh8 Rc7 56. Qb2 Rc5 57. Qb7+ Rc7 58. Qb3 Rc5 59. Qb4 Kf6 60. Qb2+ Ke7 1/2-1/2

[Event "*** Titled Tuesday Blitz"]
[Site "Chess.com"]
[Date "2020.12.29"]
[Round "5"]
[White "Spriteball"]
[Black "zajka-molotok"]
[Result "1-0"]
[WhiteElo "2322"]
[BlackElo "2479"]
[TimeControl "180+1"]
[EndTime "10:55:06 PST"]
[Termination "Spriteball won by resignation"]

1. d4 c5 2. d5 e5 3. e4 d6 4. Nf3 g6 5. Be2 Bg7 6. O-O Ne7 7. Be3 O-O 8. Nc3 f5 9. Ng5 f4 10. Bc1 Na6 11. Ne6 Bxe6 12. dxe6 Nc7 13. Bc4 Kh8 14. Qg4 Nc6 15. Nd5 Re8 16. Nxc7 Qxc7 17.
h4 Re7 18. Bd5 Rg8 19. g3 Rf8 20. Bd2 Bh6 21. h5 gxh5 22. Qxh5 Rf6 23. Qh4 Rg6 24.
Kh1 Qd8 25. gxf4 Bxf4 26. Bxf4 exf4 27. Qxf4 Ne5 28. Rg1 Reg7 29. Rxg6 Rxg6 30. Rg1 Qe7 31. Rxg6 Nxg6 32. Qg3 Kg7 33. Kg2 b6 34. f4 Qf6 35.
f5 Qxb2 36. fxg6 Qxc2+ 37. Kh3 Qd1 38. gxh7+ Kxh7 39. e7 Qh5+ 40. Kg2 Qe2+ 41. Kh3 Qh5+ 42. Qh4 Qxh4+ 43. Kxh4 1-0

[Event "*** Titled Tuesday Blitz"]
[Site "Chess.com"]
[Date "2020.12.29"]
[Round "5"]
[White "area_5"]
[Black "Ural_bogatyr"]
[Result "1-0"]
[WhiteElo "2766"]
[BlackElo "2460"]
[TimeControl "180+1"]
[EndTime "10:55:07 PST"]
[Termination "area_5 won by resignation"]

1. c4 Nf6 2. Nc3 e6 3. Nf3 d5 4. d4 c6 5. Bg5 h6 6. Bh4 g5 7. Bg3 Ne4 8. e3 Bb4 9. Qb3 Qa5 10. Rc1 Nd7 11. Bd3 f5 12. Bxe4 dxe4 13. Ne5 O-O 14. Nxd7 Bxd7 15. Be5 c5 16. a3 Bxc3+ 17.
Qxc3 Qxc3+ 18. Rxc3 cxd4 19. exd4 Bc6 20. h4 g4 21. g3 e3 22. Rf1 exf2+ 23. Rxf2 Be4 24. b4 Rfd8 25. a4 a6 26. a5 Rac8 27. Kd2 Rc6 28.
Rf1 Rdc8 29. Rfc1 Kf7 30. h5 b6 31. axb6 Rxb6 32. b5 axb5 33. cxb5 Rxc3 34. Rxc3 Rxb5 35. Rc7+ Kg8 36. Rc8+ Kf7 37. Rh8 Rb2+ 38. Kc3 Rc2+ 39.
Kb4 f4 40. Bxf4 Bd5 41. Be5 Rc4+ 42. Kb5 Rc3 43. Rxh6 Rc1 44. Rh7+ Kg8 45. Rg7+ Kf8 46.
h6 Rh1 47. h7 Be4 48. Rg8+ 1-0

[Event "*** Titled Tuesday Blitz"]
[Site "Chess.com"]
[Date "2020.12.29"]
[Round "5"]
[White "elohunter1999"]
[Black "dopolian"]
[Result "1-0"]
[WhiteElo "2684"]
[BlackElo "2455"]
[TimeControl "180+1"]
[EndTime "10:55:07 PST"]
[Termination "elohunter1999 won on time"]

1. d4 Nf6 2. c4 e6 3. Nf3 d5 4. Nc3 Be7 5. Bf4 O-O 6. e3 c5 7. dxc5 Nc6 8. a3 Bxc5 9. Qc2 Qa5 10. Rd1 Be7 11. Be2 dxc4 12. Bxc4 a6 13. O-O Rd8 14. Rxd8+ Qxd8 15. Rd1 Qe8 16. Ne4 b5 17.
Bd3 h6 18. Nd6 Bxd6 19. Bxd6 Bb7 20. h3 Rc8 21. Qe2 Na5 22. Be5 Nd7 23. Bc3 Nc4 24.
Nh4 Nde5 25. Bb1 g5 26. Qh5 Qf8 27. f4 gxh4 28. Bxe5 Nxe5 29. Qxe5 Rd8 30. Rd4 Rxd4 31. Qxd4 Qg7 32. Qxg7+ Kxg7 33. Kf2 Kf6 34. Bd3 e5 35.
Be2 exf4 36. exf4 Kf5 37. Bf3 Be4 38. Ke3 Bxf3 39. Kxf3 h5 40. Ke3 f6 41. Kf3 Ke6 42.
Ke4 f5+ 43. Kd4 Kd6 44. b4 1-0

[Event "*** Titled Tuesday Blitz"]
[Site "Chess.com"]
[Date "2020.12.29"]
[Round "5"]
[White "Chamal_Gedgafov"]
[Black "vanyakuba"]
[Result "1-0"]
[WhiteElo "2229"]
[BlackElo "2464"]
[TimeControl "180+1"]
[EndTime "10:55:08 PST"]
[Termination "Chamal_Gedgafov won by resignation"]

1. e4 d5 2. exd5 Qxd5 3. Nc3 Qa5 4. d4 Nf6 5. Nf3 Bg4 6. h3 Bh5 7. g4 Bg6 8. Ne5 e6 9. h4 Bb4 10. Bd2 Qb6 11. a3 Bxc3 12. bxc3 Nbd7 13. h5 Be4 14. f3 Bc6 15. Nc4 Qa6 16. Nd6+ cxd6 17. Bxa6 bxa6 18. O-O Nb6 19. a4 Nc4 20. h6 gxh6 21. Bxh6 Rg8 22. Qe2 Bd5 23. Rab1 Rg6 24. Bc1 h5 25. g5 h4 26. f4 h3 27. Kh2 Ne4 28. Rb4 Nxc3 29. Qh5 O-O-O 30. f5 exf5 31. Rxf5 Be6 32. Rxc4+ Bxc4 33.
Qf3 Be6 34. Qxc3+ Kd7 35. Rf6 Rc8 36. Qb2 Rgg8 37. Bf4 Rh8 38. g6 Rh4 39. gxf7 Rg4 40.
Qb7+ Rc7 41. Qxc7+ Kxc7 42. f8=Q Rg2+ 43. Kh1 Bd5 44. Qxd6+ 1-0

[Event "*** Titled Tuesday Blitz"]
[Site "Chess.com"]
[Date "2020.12.29"]
[Round "5"]
[White "MikhailSher"]
[Black "bylavochka"]
[Result "1-0"]
[WhiteElo "2375"]
[BlackElo "2129"]
[TimeControl "180+1"]
[EndTime "10:55:08 PST"]
[Termination "MikhailSher won by resignation"]

1. d4 Nf6 2. Bf4 g6 3. e3 Bg7 4. Nf3 d6 5. h3 O-O 6. c3 Nbd7 7. Nbd2 b6 8. Be2 Bb7 9. O-O c5 10. Bh2 a6 11. Rc1 Rc8 12. Qb3 Rc7 13. a4 Qa8 14. Qd1 Ne4 15. Nxe4 Bxe4 16. Bg3 Rfc8 17. Re1 Nf6 18.
Bf1 Bb7 19. Be2 Ne4 20. Bh2 Bc6 21. Ra1 Qb7 22. Bf4 b5 23. axb5 axb5 24. Ra5 Ra8 25. Qa1 Rxa5 26. Qxa5 Rc8 27. Ra1 Ra8 28. Qxa8+ Qxa8 29. Rxa8+ Bxa8 30. Kf1 b4 31. c4 cxd4 32. exd4 g5 33.
Be3 f5 34. g3 h6 35. h4 g4 36.
Ne1 e5 37. d5 Bf8 38. Nd3 Nc5 39. Nxb4 Bb7 40. Nc6 Bxc6 41. dxc6 Ne6 42. Bb6 d5 43.
cxd5 Nc7 1-0

[Event "*** Titled Tuesday Blitz"]
[Site "Chess.com"]
[Date "2020.12.29"]
[Round "5"]
[White "frenchpin"]
[Black "Mazetovic"]
[Result "0-1"]
[WhiteElo "2463"]
[BlackElo "2814"]
[TimeControl "180+1"]
[EndTime "10:55:09 PST"]
[Termination "Mazetovic won on time"]

1. e4 c5 2. Nf3 Nc6 3. c3 Nf6 4. e5 Nd5 5. d4 cxd4 6. cxd4 d6 7.
Bc4 Nb6 8. Bb5 dxe5 9. Nxe5 Bd7 10. Nxd7 Qxd7 11. Nc3 e6 12. O-O Be7 13. Qg4 g6 14.
Bh6 f5 15. Qf4 Kf7 16. Rad1 Bf6 17. Rfe1 Rad8 18. Bg5 Nd5 19. Qg3 Qd6 20. Qh4 Bxg5 21. Qxg5 Qf4 22. Qxf4 Nxf4 23. Bxc6 bxc6 24. Na4 Nd5 25. Nc5 Nc7 26. Rd3 Rd5 27. Red1 Rhd8 28. f3 Nb5 29. Rb3 Rxd4 30. Rxd4 Rxd4 31. a4 Rd1+ 32.
Kf2 Rd2+ 33. Ke3 Rxg2 34. axb5 cxb5 35. Rxb5 Rxh2 36. Rb7+ Kf6 37. Rxa7 Rxb2 38. Ra6 Kg5 39. Nxe6+ Kh4 40. Nf8 Rb3+ 41. Kf2 Rb7 42. Rd6 f4 0-1

[Event "*** Titled Tuesday Blitz"]
[Site "Chess.com"]
[Date "2020.12.29"]
[Round "5"]
[White "drragnar1"]
[Black "Margency"]
[Result "1-0"]
[WhiteElo "2435"]
[BlackElo "2594"]
[TimeControl "180+1"]
[EndTime "10:55:09 PST"]
[Termination "drragnar1 won by resignation"]

1. Nf3 d5 2. g3 e6 3. Bg2 c5 4. O-O Nf6 5. c4 Nc6 6. cxd5 exd5 7. d4 Be7 8. Nc3 O-O 9. Bg5 cxd4 10. Nxd4 h6 11.
Bxf6 Bxf6 12. e3 Nxd4 13. exd4 Be6 14. Qd2 Rc8 15. Rad1 Rc4 16. Qe3 Qa5 17. Rfe1 Rd8 18. Bf1 Rb4 19. Rd2 Qb6 20. Red1 Bg5 21. f4 Bf6 22. b3 Bg4 23. Be2 Bxe2 24. Nxe2 Qa6 25.
Nc3 Rb6 26. Qf3 Qa5 27. Re2 Rc6 28. b4 Qa3 29. Re3 Qxb4 30. Nxd5 Qd6 31. Nxf6+ Qxf6 32. d5 Rc2 33. a4 g6 34. Re2 Rc3 35. Qe4 Kg7 36.
Qe5 Rc4 37. d6 Rxa4 38. d7 Rc4 39. Qxf6+ Kxf6 40. Re8 Rxd7 41. Rxd7 b5 1-0

[Event "*** Titled Tuesday Blitz"]
[Site "Chess.com"]
[Date "2020.12.29"]
[Round "5"]
[White "dosto07"]
[Black "BabyBoss31"]
[Result "0-1"]
[WhiteElo "2290"]
[BlackElo "2211"]
[TimeControl "180+1"]
[EndTime "10:55:09 PST"]
[Termination "BabyBoss31 won on time"]

1. e4 e6 2. d4 d5 3. Nd2 Nf6 4. e5 Nfd7 5. Bd3 c5 6. c3 Nc6 7. Ne2 cxd4 8. cxd4 f6 9. exf6 Nxf6 10. Nf3 Bd6 11.
O-O Qc7 12. Bg5 O-O 13. Bh4 Bd7 14. Bg3 Rae8 15. Rc1 Bxg3 16. hxg3 Qb6 17. Nc3 Qxb2 18. Nb5 Qb4 19. Rb1 Qe7 20. Re1 Bc8 21. Ne5 a6 22.
Nc3 Nxe5 23. Rxe5 Qd6 24. Na4 Nd7 25. Qh5 Nf6 26. Qe2 Nd7 27. Qh5 Nf6 28. Qh4 Qe7 29.
Nb6 g6 30. g4 Nd7 31. Qxe7 Rxe7 32. Nxc8 Rxc8 33. Re3 Nf8 34. Rb6 Rc6 35. Rxc6 bxc6 36.
Bxa6 Ra7 37. Bc8 Kf7 38. a3 Ra4 39. Rd3 Ke7 40. Bb7 Kd7 41. Rc3 Rxd4 42. Bxc6+ Kd6 43. f3 e5 44. Bb7 Ne6 45. Rc4 dxc4 0-1

[Event "*** Titled Tuesday Blitz"]
[Site "Chess.com"]
[Date "2020.12.29"]
[Round "5"]
[White "chessmachine14"]
[Black "zmeeed67"]
[Result "1/2-1/2"]
[WhiteElo "2243"]
[BlackElo "2390"]
[TimeControl "180+1"]
[EndTime "10:55:10 PST"]
[Termination "Game drawn by repetition"]

1. e4 Nc6 2. Nf3 d6 3. Bc4 Nf6 4. O-O Bg4 5. Re1 e5 6. c3 Be7 7. h3 Bh5 8. d4 O-O 9. g4 Bg6 10. Nbd2 Re8 11. b4 exd4 12. cxd4 Nxb4 13. Qb3 Nc6 14.
Ng5 Rf8 15. Qxb7 Na5 16. Qa6 Nxc4 17. Qxc4 d5 18. exd5 Nxd5 19. Ngf3 Nf4 20. Kh2 Bd6 21. Ne5 Kh8 22. Ndf3 Ne6 23. d5 Nc5 24. Bf4 Rb8 25. Kg1 Kg8 26. Nxg6 hxg6 27. Rad1 Rb2 28. Rd2 Rxd2 29.
Nxd2 Qf6 30. Bxd6 cxd6 31. Ne4 Qe5 32. Kg2 g5 33. Re2 Rc8 34. Nxc5 Rxc5 35. Qxc5 Qxe2 36.
Qxd6 Qe4+ 37. Kg3 Qd3+ 38. f3 Qd2 39. Qd8+ Kh7 40. d6 Qe1+ 41. Kg2 Qe2+ 42. Kg3 Qe1+ 43. Kg2 Qe2+ 44. Kg3 Qe1+ 1/2-1/2

[Event "*** Titled Tuesday Blitz"]
[Site "Chess.com"]
[Date "2020.12.29"]
[Round "5"]
[White "kingofthenil"]
[Black "Son_of_Sultan"]
[Result "1-0"]
[WhiteElo "2746"]
[BlackElo "2547"]
[TimeControl "180+1"]
[EndTime "10:55:11 PST"]
[Termination "kingofthenil won by resignation"]

1. e4 c6 2. c4 d6 3. d4 g6 4. Nc3 Bg7 5. Nf3 Nf6 6. Be2 O-O 7. O-O e5 8. Re1 Nbd7 9. Qc2 Re8 10. Be3 Ng4 11.
Bg5 Qb6 12. h3 Ngf6 13. Rad1 exd4 14. Rxd4 Ng4 15. Na4 Qa5 16. Bd2 Qc7 17. hxg4 Bxd4 18. Nxd4 Nb6 19. Nc3 Be6 20. b3 f6 21. Bf4 Rad8 22. Rd1 Qf7 23. f3 Bc8 24. Bf1 Qf8 25. Qf2 Nd7 26. Nde2 a6 27. Bxd6 Qg7 28. c5 Ne5 29.
Ng3 Be6 30. b4 Nf7 31. a3 b5 32. Be2 f5 33. Qd4 fxg4 34. Qxg7+ Kxg7 35. f4 h5 36. e5 Bb3 37. Rd2 Nh6 38. Nce4 Bf7 39. Ng5 Nf5 40.
N3e4 Bd5 41. Nf6 Rh8 42. Nxd5 cxd5 43. Rxd5 Ng3 44. Bd3 Kh6 45. Nf7+ Kg7 46. Nxh8 Kxh8 47. Kf2 Kg7 48. Kxg3 1-0

[Event "*** Titled Tuesday Blitz"]
[Site "Chess.com"]
[Date "2020.12.29"]
[Round "5"]
[White "sotochess"]
[Black "XDPS"]
[Result "0-1"]
[WhiteElo "2528"]
[BlackElo "2723"]
[TimeControl "180+1"]
[EndTime "10:55:11 PST"]
[Termination "XDPS won by resignation"]

1. e4 c5 2. Nf3 e6 3. g3 Nc6 4.
Bg2 Nf6 5. Qe2 e5 6. O-O Be7 7. Rd1 O-O 8. c3 d5 9. d3 h6 10. h3 Re8 11. Nbd2 Bf8 12. Nf1 Be6 13. Nh4 Qc7 14.
Ne3 Rad8 15. Nhf5 d4 16. Ng4 Nxg4 17. Qxg4 Kh7 18. Qf3 g6 19. Nh4 b5 20. Bf1 c4 21.
a4 a6 22. axb5 axb5 23. Qg2 b4 24. cxd4 Nxd4 25. Be3 c3 26. bxc3 bxc3 27. Bxd4 exd4 28. f4 Bb3 29. Rdc1 Rb8 30. Be2 Ra8 31. Rab1 Reb8 32. Bf3 Ra2 33. Qf1 Be7 34. e5 Qd8 35. Ng2 Be6 36. g4 Rxb1 37. Rxb1 c2 38. Rc1 Ba3 39. Be4 Bxc1 40. Qxc1 Qa5 41. Kf2 Qc3 42. Ne1 Rb2 43. f5 Rb1 44. Qxc2 Rb2 45. Qxb2 Qxb2+ 46. Kf3 Bb3 47. e6 fxe6 48. fxg6+ Kg7 49. Ng2 Bd1+ 50. Kg3 Qd2 51. h4 Be2 52. h5 Bxd3 53. Bf3 e5 54. Nh4 Qf4+ 55. Kg2 Qg5 56. Kg3 Qc1 57. Ng2 e4 58. g5 Qxg5+ 59. Bg4 Be2 0-1

[Event "*** Titled Tuesday Blitz"]
[Site "Chess.com"]
[Date "2020.12.29"]
[Round "5"]
[White "GregShahade"]
[Black "peixe64"]
[Result "1-0"]
[WhiteElo "2664"]
[BlackElo "2446"]
[TimeControl "180+1"]
[EndTime "10:55:11 PST"]
[Termination "GregShahade won on time"]

1. e4 e5 2. Nf3 Nc6 3. Bb5 a6 4. Ba4 Nf6 5. O-O Be7 6. Re1 b5 7.
Bb3 d6 8. c3 O-O 9. h3 Bb7 10.
d4 Re8 11. Ng5 Rf8 12. Nf3 Re8 13. Nbd2 Bf8 14. a3 h6 15. Bc2 Nb8 16. b3 Nbd7 17.
Bb2 g6 18. a4 Bg7 19. Bd3 c6 20. Qc2 Kh7 21. Bf1 Qe7 22. b4 Nf8 23. dxe5 dxe5 24.
c4 bxc4 25. Nxc4 N6d7 26. Ba3 Ne6 27. Na5 Rab8 28. Nxb7 Rxb7 29. Bxa6 Ra7 30. Bc4 Nd4 31. Nxd4 exd4 32. Rad1 Ne5 33. Bb3 Qg5 34. Kh1 Qh4 35. Kg1 g5 36. f3 h5 37. Qf2 Qxf2+ 38. Kxf2 Rb7 39. h4 c5 40. Bd5 cxb4 41. Bxb7 bxa3 42. Bd5 Rb8 43. Rd2 d3 44. hxg5 Kg6 45. a5 Rb2 46.
Rxb2 axb2 47. Rb1 Nd7 48. f4 Bd4+ 49. Kf3 d2 50. Ke2 Nc5 51. Kxd2 Nb3+ 52. Bxb3 1-0

[Event "*** Titled Tuesday Blitz"]
[Site "Chess.com"]
[Date "2020.12.29"]
[Round "5"]
[White "MFBerna"]
[Black "Olga_Zhuravleva"]
[Result "0-1"]
[WhiteElo "2450"]
[BlackElo "2324"]
[TimeControl "180+1"]
[EndTime "10:55:11 PST"]
[Termination "Olga_Zhuravleva won on time"]

1. e4 e5 2. Nf3 Nc6 3. Bc4 Nf6 4. d3 d5 5. exd5 Nxd5 6. O-O Bc5 7.
Re1 O-O 8. h3 Nb6 9. Bb5 f6 10. c3 Bf5 11. Be3 Bd6 12. d4 e4 13.
Nh2 Ne7 14. Nd2 c6 15. Be2 Bc7 16. Bg4 Bg6 17. Bh5 f5 18. Bg5 Qd6 19. g3 Nbd5 20. Nc4 Qe6 21. Bxg6 Qxg6 22. Bxe7 Nxe7 23. Qe2 Rae8 24. Kh1 Nd5 25. Rg1 Qh6 26. h4 e3 27.
f4 b5 28. Ne5 Bxe5 29. dxe5 Qe6 30. Nf3 Rd8 31. Rad1 Nb6 32. Nd4 Qd5+ 33. Kh2 a6 34. a3 Qe4 35. Rge1 c5 36. Nc2 Nc4 37. b3 Nd2 38.
Qxe3 Nf3+ 39. Kh3 Nxe1 40. Rxe1 Qxc2 41. e6 Rfe8 42. e7 Rd2 43. Qe6+ Kh8 0-1